 Dungeon Crawl Stone Soup version 0.20.1-1-g8b1a95d (webtiles) character file.

4358 karf the Spear-Bearer (level 10, 0/81 HPs)
             Began as a Merfolk Gladiator on Oct 30, 2017.
             Was a Follower of Ashenzari.
             Slain by a hornet (12 damage)
             ... on level 7 of the Dungeon.
             The game lasted 00:25:23 (7167 turns).

karf the Spear-Bearer (Merfolk Gladiator)           Turns: 7167, Time: 00:25:24

Health: 0/81       AC:  9    Str: 14    XL:     10   Next: 34%
Magic:  10/10      EV: 21    Int: 11    God:    Ashenzari [*.....]
Gold:   428        SH:  0    Dex: 19    Spells: 9/9 levels left

rFire    x . .     SeeInvis +   e - +0 glaive
rCold    + . .     Gourm    .   (shield currently unavailable)
rNeg     + . .     Faith    .   b - +2 animal skin
rPois    +         Spirit   .   m - +3 helmet of Iggy {rPois rN+ Int+3 SInv} (curse)
rElec    .         Reflect  .   j - +0 cloak
rCorr    .         Harm     .   (no gloves)
MR       +....                  (no boots)
Stlth    ++........             (no amulet)
Regen    0.3/turn               l - ring of ice
MPRegen  0.2/turn               y - ring of protection from magic

@: slowed, very slow
A: change form in water, swift swim, stealthy swim
a: Curse Item, Scrying, Renounce Religion


You were on level 7 of the Dungeon.
You worshipped Ashenzari.
Ashenzari was aware of your devotion.
You were hungry.

You visited 2 branches of the dungeon, and saw 9 of its levels.

You collected 428 gold pieces.

Inventory:

Hand Weapons
 e - a +0 glaive (weapon)
Missiles
 d - 3 throwing nets (quivered)
Armour
 b - a +2 animal skin (worn)
 h - a +0 leather armour
 j - a +0 cloak (worn)
 m - the cursed +3 helmet of Iggy (worn) {rPois rN+ Int+3 SInv}
   (You found it on level 5 of the Dungeon)

   It affects your intelligence (+3).
   It protects you from poison.
   It protects you from negative energy.
   It lets you see invisible.
   It has a curse placed upon it.
Jewellery
 l - a ring of ice (left hand)
 y - a ring of protection from magic (right hand)
 E - an uncursed ring of magical power
Scrolls
 n - a scroll of amnesia
 o - 5 scrolls of teleportation
 q - a scroll of fog {unknown}
 r - 2 scrolls of enchant weapon
 s - 2 scrolls of enchant armour {unknown}
 w - a scroll of recharging {unknown}
 z - 3 scrolls of identify
 A - 3 scrolls of fear {unknown}
 B - 2 scrolls of remove curse
 D - a scroll of acquirement {unknown}
 G - a scroll of blinking {unknown}
Potions
 a - 2 potions of resistance {unknown}
 c - a potion of mutation {unknown}
 i - 2 potions of brilliance
 k - 2 potions of curing
 p - 2 potions of ambrosia {unknown}
 t - 2 potions of berserk rage
 v - 3 potions of heal wounds
 C - a potion of agility {unknown}
 F - a potion of lignification {unknown}
Comestibles
 f - 7 bread rations
 g - 5 meat rations
 u - 7 fruits
 x - 3 royal jellies


   Skills:
 + Level 8.3 Fighting
 * Level 14.7 Polearms
 - Level 2.1 Throwing
 + Level 10.3 Dodging


You had 9 spell levels left.
You didn't know any spells.

Dungeon Overview and Level Annotations

Branches:
Dungeon (8/15)             Temple (1/1) D:4
   Lair: D:8-11

Altars:
Ashenzari
Cheibriados
Dithmenos
Elyvilon
Fedhas
Gozag
Hepliaklqana
Kikubaaqudgha
Makhleb
Nemelex Xobeh
Okawaru
Qazlal
Ru
Sif Muna
Trog
Uskayaw
Vehumet
Xom
Yredelemnul
Zin
The Shining One

Annotations:
D:6 AdmiralAndromeda's ghost, novice TrBe


Message History

The hornet barely misses you. The hornet stings you!
You are too injured to fight recklessly!
You are too injured to fight recklessly!
You are too injured to fight recklessly!
You are too injured to fight recklessly!
You are too injured to fight recklessly!
You are too injured to fight recklessly!
You barely miss the hornet.
The hornet is heavily wounded.
You feel sick. The hornet completely misses you.
You barely miss the hornet.
The hornet is heavily wounded.
The hornet stings you.
You feel yourself slow down. The hornet stings you!
* * * LOW HITPOINT WARNING * * *
You feel as though you will be slow longer.
You feel better. The hornet stings you!
* * * LOW HITPOINT WARNING * * *
You feel as though you will be slow longer.
The hornet stings you!
You die...

######### #.# #...# # #.......#
#.# #...# # #.......###
#.########...####### #.........#
#.##...............# #.........#
#.#.................
#...).....####[#......).........#
#......|....((..a####.......#####
#.......####(#.#y# #.#...#.#
######### #.#.#@# #.#...#.# ###
#.#.#.# #<#...#.##### ..#
#######.#.#.# #.#.........# #.#
#...........####...#########
#.####.#####.#......##..#
#....................#.##
######.#####.#.####..)..#
#.#####.#.##.[(.##.#
#..(............####


You could see a hornet and a worker ant.

Vanquished Creatures
  A two-headed ogre (D:7)
  Joseph (D:7)
  Grinder (D:6)
  Prince Ribbit (D:6)
  Sigmund (D:4)
  The ghost of KoningWillie the Slasher, an amateur MiFi of Fedhas (D:7)
  3 hungry ghosts
  A water moccasin (D:7)
  2 orc warriors
  An ice beast (D:7)
  3 sky beasts
  5 ogres
  A phantom (D:7)
  3 centaurs
  3 bullfrogs
  2 crimson imps (D:7)
  A centaur zombie (D:7)
  2 jellies (D:7)
  2 orc priests
  2 hounds
  2 iguanas
  3 orc wizards
  4 worker ants
  A hound zombie (D:5)
  Robin (D:4)
  9 adders
  A shadow imp (D:7)
  An adder zombie (D:5)
  A worm (D:3)
  4 dart slugs
  5 leopard geckos
  21 orcs
  2 ball pythons (D:2)
  6 giant cockroaches
  14 goblins
  13 hobgoblins
  12 jackals
  5 kobolds
  3 quokkas
  9 bats
  4 frilled lizards
  A jackal skeleton (D:7)
  9 rats
168 creatures vanquished.

Notes
Turn   | Place    | Note
-------+----------+-------------------------------------------
     0 | D:1      | karf the Merfolk Gladiator began the quest for the Orb.
     0 | D:1      | Reached XP level 1. HP: 16/16 MP: 1/1
   122 | D:1      | Reached XP level 2. HP: 23/23 MP: 2/2
   186 | D:1      | Reached skill level 5 in Polearms
   281 | D:1      | You fall through a shaft!
   675 | D:1      | Reached XP level 3. HP: 28/28 MP: 3/3
  1106 | D:2      | Reached XP level 4. HP: 30/34 MP: 4/4
  1247 | D:2      | Found a burning altar of Makhleb.
  1249 | D:2      | Found an iron altar of Okawaru.
  1249 | D:2      | Found a hazy altar of Hepliaklqana.
  1259 | D:2      | Found a shadowy altar of Dithmenos.
  1259 | D:2      | Found a hide-covered altar of Uskayaw.
  1259 | D:2      | Found a shimmering altar of Xom.
  1371 | D:2      | Reached skill level 6 in Polearms
  1867 | D:3      | Reached skill level 5 in Dodging
  1867 | D:3      | Reached XP level 5. HP: 22/41 MP: 5/5
  2810 | D:4      | Noticed an ogre
  3005 | D:4      | Noticed an ogre
  3030 | D:3      | Found a deep blue altar of Sif Muna.
  3279 | D:4      | Killed an ogre
  3279 | D:4      | Reached skill level 7 in Polearms
  3279 | D:4      | Reached XP level 6. HP: 31/47 MP: 6/6
  3285 | D:4      | Reached skill level 8 in Polearms
  3407 | D:4      | Noticed Sigmund
  3416 | D:4      | Killed Sigmund
  3416 | D:4      | Reached XP level 7. HP: 50/55 MP: 7/7
  3441 | D:4      | Found a staircase to the Ecumenical Temple.
  3448 | Temple   | Entered the Ecumenical Temple
  3472 | Temple   | Became a worshipper of Ashenzari the Shackled
  3797 | D:4      | Reached skill level 9 in Polearms
  3810 | D:4      | Found an iron altar of Okawaru.
  3899 | D:4      | Noticed Robin
  3927 | D:4      | Killed Robin
  4061 | D:5      | Entered Level 5 of the Dungeon
  4097 | D:5      | Got the uncursed helmet of Iggy {rPois rN+ Int+3 SInv}
  4108 | D:5      | Identified the +3 helmet of Iggy {rPois rN+ Int+3 SInv} (You found it on level 5 of the Dungeon)
  4251 | D:5      | Noticed a hungry ghost
  4266 | D:5      | Killed a hungry ghost
  4266 | D:5      | Reached skill level 5 in Fighting
  4266 | D:5      | Reached skill level 10 in Polearms
  4266 | D:5      | Reached XP level 8. HP: 59/62 MP: 8/8
  4344 | D:5      | Found a blossoming altar of Fedhas.
  4355 | D:5      | Found a snail-covered altar of Cheibriados.
  4461 | D:5      | Found a sacrificial altar of Ru.
  4462 | D:5      | Found a hide-covered altar of Uskayaw.
  4770 | D:5      | Found a sparkling altar of Nemelex Xobeh.
  4857 | D:5      | Reached * piety under Ashenzari
  5063 | D:6      | Noticed Grinder
  5073 | D:6      | Noticed AdmiralAndromeda's ghost (novice TrBe)
  5097 | D:6      | Killed Grinder
  5097 | D:6      | Reached skill level 11 in Polearms
  5336 | D:6      | Noticed Prince Ribbit
  5351 | D:5      | Reached XP level 9. HP: 52/70 MP: 9/9
  5463 | D:6      | Killed Prince Ribbit
  5463 | D:6      | Reached skill level 12 in Polearms
  6300 | D:7      | Reached skill level 13 in Polearms
  6343 | D:7      | Noticed a two-headed ogre
  6356 | D:7      | Killed a two-headed ogre
  6356 | D:7      | Reached XP level 10. HP: 66/80 MP: 10/10
  6407 | D:7      | Reached skill level 14 in Polearms
  6510 | D:7      | Reached skill level 10 in Dodging
  6554 | D:7      | Noticed Joseph
  6586 | D:7      | Killed Joseph
  6925 | D:7      | Noticed KoningWillie's ghost (amateur MiFi)
  6941 | D:7      | Killed KoningWillie's ghost
  7167 | D:7      | Slain by a hornet

Skill      XL: |  1  2  3  4  5  6  7  8  9 10 |
---------------+-------------------------------+-----
Polearms       | 5 6 7 8 10 11 13 14 | 14.7
Fighting       | 3 4 5 6 7 8 |  8.3
Dodging        | 5 6 8 9 10 | 10.3
Throwing       | |  2.1

Action                   |  1- 3 |  4- 6 |  7- 9 | 10-12 || total
-------------------------+-------+-------+-------+-------++-------
Melee: Trident           |    85 |   167 |   267 |       ||   519
       Tailslap          |       |     5 |       |       ||     5
       Glaive            |       |       |    84 |    84 ||   168
Invok: Curse Item        |       |       |     1 |       ||     1
  Use: Scroll            |       |     8 |     1 |       ||     9
       Potion            |       |     2 |     3 |     1 ||     6
 Stab: Sleeping          |     4 |     4 |     1 |     2 ||    11
       Distracted        |       |     1 |       |       ||     1
  Eat: Chunk             |       |     8 |    13 |     3 ||    24
Armor: Leather armour    |     7 |    21 |     5 |       ||    33
       Animal skin       |       |       |    40 |    11 ||    51
Dodge: Dodged            |    51 |   101 |   222 |    64 ||   438
